[Event "8th RTU Open 2018"]
[Site "Riga"]
[Date "2018.08.11"]
[Round "8"]
[White "Krivonosov, Oleg"]
[Black "Jacobs, Florian"]
[Result "1/2-1/2"]
[ECO "E19"]
[WhiteElo "2386"]
[BlackElo "2255"]
[Annotator "NA"]
[PlyCount "81"]
[EventDate "2018.08.06"]
[EventType "swiss"]
[EventCountry "LAT"]
[SourceTitle "playchess.com"]
[Source "ChessBase"]
[SourceQuality "1"]
[TimeControl "5400+30"]

1. Nf3 Nf6 2. c4 e6 3. g3 a6 4. Bg2 b5 5. b3 c5 6. O-O Bb7 7. Nc3 Qb6 8. e3 Be7 9. Qe2 O-O 10. Rd1 b4 11. Na4 Qc7 12. d4 d6 13. Bb2 Nbd7 14. dxc5 Nxc5 15. Nxc5 Qxc5 16. Ne1 Bxg2 17. Kxg2 a5 18. Qf3 Rfc8 19. Rac1 Qc6 20. Qxc6 Rxc6 21. Nf3 Ne8 22. Nd4 Rcc8 23. Nb5 a4 24. e4 axb3 25. axb3 Ra2 26. Bd4 e5 27. Be3 Rca8 28. Rd2 Nf6 29. Kf3 h5 30. h3 Nd7 31. Rcd1 Nc5 32. Bxc5 dxc5 33. h4 g6 34. Kg2 Rxd2 35. Rxd2 f6 36. Rd7 Kf7 37. Na7 Ke6 38. Rb7 Rd8 39. Nc6 Rd7 40. Rxd7 Kxd7 41. Nxe7 1/2-1/2

[Event "8th RTU Open 2018"]
[Site "Riga"]
[Date "2018.08.11"]
[Round "8"]
[White "Jackson, James P"]
[Black "Saulespurens, Valdis"]
[Result "1-0"]
[ECO "B45"]
[WhiteElo "2380"]
[BlackElo "2254"]
[Annotator "NA"]
[PlyCount "51"]
[EventDate "2018.08.06"]
[EventType "swiss"]
[EventCountry "LAT"]
[SourceTitle "playchess.com"]
[Source "ChessBase"]
[SourceQuality "1"]
[TimeControl "5400+30"]

1. e4 c5 2. Nf3 e6 3. d4 cxd4 4. Nxd4 Nc6 5. Nc3 Nf6 6. Ndb5 d6 7. Bf4 Ne5 8. Qd4 Be7 9. Nxd6+ Bxd6 10. Bxe5 Bxe5 11. Qxe5 O-O 12. f3 Qb6 13. O-O-O Bd7 14. Qd4 Qc7 15. e5 Nd5 16. Nxd5 exd5 17. Bd3 Rfc8 18. Qxd5 Be6 19. Qe4 g6 20. Kb1 Qa5 21. b3 b5 22. h4 Rab8 23. h5 Rc4 24. Qe1 Qa3 25. Bxc4 bxc4 26. Qh4 1-0

[Event "8th RTU Open 2018"]
[Site "Riga"]
[Date "2018.08.11"]
[Round "8"]
[White "Sirosh, Ilja"]
[Black "Makoveev, Ilya"]
[Result "1/2-1/2"]
[ECO "A40"]
[WhiteElo "2372"]
[BlackElo "2249"]
[Annotator "NA"]
[PlyCount "117"]
[EventDate "2018.08.06"]
[EventType "swiss"]
[EventCountry "LAT"]
[SourceTitle "playchess.com"]
[Source "ChessBase"]
[SourceQuality "1"]
[TimeControl "5400+30"]

1. d4 Nf6 2. c4 e6 3. g3 d5 4. Nf3 Bb4+ 5. Bd2 Be7 6. Bg2 O-O 7. O-O c6 8. Qc2 b6 9. Rd1 Nbd7 10. b3 Ba6 11. Bc1 Rc8 12. Bb2 c5 13. Nc3 dxc4 14. d5 exd5 15. Nxd5 Nxd5 16. Rxd5 Bb7 17. Rd2 Qc7 18. bxc4 Rcd8 19. Rad1 Bf6 20. Bh3 Bc6 21. Bxd7 Rxd7 22. Rxd7 Bxd7 23. Bxf6 gxf6 24. Rd5 Kg7 25. Qd2 Bg4 26. Nh4 h6 27. Ng2 Be6 28. Rh5 Rh8 29. Ne3 Qd7 30. Nd5 Bxd5 31. Rxd5 Qg4 32. Qd3 Re8 33. f3 Qg6 34. e4 Re5 35. Kg2 h5 36. h4 Qh6 37. f4 Re7 38. Qf3 Qg6 39. Rf5 Re8 40. Qc3 Kg8 41. Qd3 Kf8 42. Qd5 Kg7 43. Qd3 Kf8 44. Qd6+ Kg7 45. Qd5 Kf8 46. a4 Kg7 47. Qd3 Kf8 48. Qd6+ Kg7 49. Qd5 Kg8 50. Qd3 Kf8 51. Qf3 Kg7 52. Kf2 Kg8 53. Qd3 Kf8 54. Qf3 Kg7 55. Qc3 Kg8 56. Qd3 Kf8 57. Qd6+ Kg7 58. Qd5 Kg8 59. Qd3 1/2-1/2

[Event "8th RTU Open 2018"]
[Site "Riga"]
[Date "2018.08.11"]
[Round "8"]
[White "Shishkov, Andrei"]
[Black "Pavlov, Sergey"]
[Result "0-1"]
[ECO "E32"]
[WhiteElo "2370"]
[BlackElo "2003"]
[Annotator "NA"]
[PlyCount "74"]
[EventDate "2018.08.06"]
[EventType "swiss"]
[EventCountry "LAT"]
[SourceTitle "playchess.com"]
[Source "ChessBase"]
[SourceQuality "1"]
[TimeControl "5400+30"]

1. d4 Nf6 2. c4 e6 3. Nc3 Bb4 4. Qc2 b6 5. e4 c5 6. e5 cxd4 7. a3 Bxc3+ 8. bxc3 Ng8 9. cxd4 Bb7 10. Bb2 Ne7 11. Ne2 Nbc6 12. Ng3 Rc8 13. Bc3 d5 14. exd6 Qxd6 15. Ne4 Qf4 16. Bd3 O-O 17. Qd2 Qxd2+ 18. Nxd2 Nxd4 19. Bxd4 Rfd8 20. Bxb6 axb6 21. Ke2 Bxg2 22. Rhg1 Bh3 23. Rab1 Rc6 24. Rb3 Bf5 25. Bxf5 Nxf5 26. Rd3 Nd4+ 27. Kd1 e5 28. Re1 f6 29. f4 exf4 30. Re4 Rcd6 31. Rxf4 Nb3 32. Rxb3 Rxd2+ 33. Kc1 Rxh2 34. Rxb6 h5 35. Rb2 Rxb2 36. Kxb2 Kf7 37. c5 g5 0-1

[Event "8th RTU Open 2018"]
[Site "Riga"]
[Date "2018.08.11"]
[Round "8"]
[White "Stark, Lars"]
[Black "Severina, Maria"]
[Result "1-0"]
[ECO "A28"]
[WhiteElo "2368"]
[BlackElo "2242"]
[Annotator "NA"]
[PlyCount "123"]
[EventDate "2018.08.06"]
[EventType "swiss"]
[EventCountry "LAT"]
[SourceTitle "playchess.com"]
[Source "ChessBase"]
[SourceQuality "1"]
[TimeControl "5400+30"]

1. c4 e5 2. Nc3 Nf6 3. Nf3 Nc6 4. e3 Bb4 5. Qc2 Bxc3 6. Qxc3 Qe7 7. d4 Ne4 8. Qd3 exd4 9. Nxd4 Nc5 10. Qd1 Nxd4 11. Qxd4 O-O 12. Be2 b6 13. Bf3 Bb7 14. Bxb7 Nxb7 15. O-O Nc5 16. Rd1 a5 17. Bd2 f5 18. Bc3 Rae8 19. b3 Qf7 20. f3 Re7 21. Be1 Rfe8 22. Bf2 h6 23. Rab1 Re6 24. a3 Rd6 25. Qc3 Rxd1+ 26. Rxd1 d6 27. Rb1 Nd7 28. Qd4 Ne5 29. a4 Nd7 30. Be1 Qe6 31. Kf2 Nc5 32. Bc3 Qf7 33. Kg1 Qe7 34. Qd5+ Qe6 35. Qxe6+ Rxe6 36. Bd4 Nd3 37. Rd1 Nb4 38. Kf2 Nc2 39. Rd2 Nxd4 40. Rxd4 Kf7 41. Rd5 Re5 42. f4 Rxd5 43. cxd5 c6 44. dxc6 Ke7 45. Ke2 Kd8 46. Kd3 Kc7 47. e4 g6 48. Kd4 Kxc6 49. e5 dxe5+ 50. Kxe5 Kc5 51. Kf6 Kb4 52. Kxg6 Kxb3 53. g4 fxg4 54. f5 Kxa4 55. f6 b5 56. f7 b4 57. f8=Q Kb3 58. Kf5 a4 59. Ke4 a3 60. Kd3 h5 61. Qf7+ Kb2 62. Qf2+ 1-0

[Event "8th RTU Open 2018"]
[Site "Riga"]
[Date "2018.08.11"]
[Round "8"]
[White "Pogosyan, Stefan"]
[Black "Gorodetzky, Matan"]
[Result "1-0"]
[ECO "D34"]
[WhiteElo "2331"]
[BlackElo "2231"]
[Annotator "NA"]
[PlyCount "79"]
[EventDate "2018.08.06"]
[EventType "swiss"]
[EventCountry "LAT"]
[SourceTitle "playchess.com"]
[Source "ChessBase"]
[SourceQuality "1"]
[TimeControl "5400+30"]

1. Nf3 d5 2. g3 e6 3. Bg2 Nf6 4. O-O c5 5. c4 Nc6 6. d4 Be7 7. Nc3 O-O 8. cxd5 exd5 9. dxc5 Bxc5 10. Bg5 d4 11. Bxf6 Qxf6 12. Ne4 Qe7 13. Nxc5 Qxc5 14. Rc1 Qb6 15. Qd2 Bg4 16. Rfd1 Rad8 17. h3 Bxf3 18. Bxf3 Ne5 19. Bg2 Rfe8 20. Kh2 h6 21. b4 d3 22. e3 Qa6 23. Rc5 b5 24. Qc3 Qf6 25. Kh1 Nc4 26. Qxf6 gxf6 27. Bf1 Ne5 28. Rxb5 Rb8 29. Rxb8 Rxb8 30. a3 Rd8 31. Kg2 Kf8 32. f4 Nc4 33. Kf3 Ke7 34. Rxd3 Nd2+ 35. Kg2 Nb1 36. Rxd8 Kxd8 37. Bd3 Nxa3 38. Kf3 f5 39. e4 Ke7 40. exf5 1-0

[Event "8th RTU Open 2018"]
[Site "Riga"]
[Date "2018.08.11"]
[Round "8"]
[White "Krykun, Yuriy"]
[Black "Vicas, Marijus"]
[Result "1/2-1/2"]
[ECO "A14"]
[WhiteElo "2325"]
[BlackElo "2186"]
[Annotator "NA"]
[PlyCount "114"]
[EventDate "2018.08.06"]
[EventType "swiss"]
[EventCountry "LAT"]
[SourceTitle "playchess.com"]
[Source "ChessBase"]
[SourceQuality "1"]
[TimeControl "5400+30"]

1. Nf3 Nf6 2. c4 e6 3. g3 d5 4. Bg2 Be7 5. O-O O-O 6. b3 c5 7. Bb2 Nc6 8. cxd5 Nxd5 9. d4 cxd4 10. Nxd4 Nxd4 11. Qxd4 Bf6 12. Qd2 Bxb2 13. Qxb2 Qf6 14. Qxf6 Nxf6 15. Nc3 Rb8 16. Rfd1 Bd7 17. Rd6 Rfc8 18. Ne4 Nxe4 19. Rxd7 Nc5 20. Rd4 a5 21. Rc1 Kf8 22. Rc3 Ke7 23. Rg4 g6 24. Rh4 h5 25. Rhc4 b6 26. a3 Rd8 27. Bc6 Rd2 28. Bf3 Rb2 29. b4 axb4 30. Rxb4 Rxb4 31. axb4 Nd7 32. Rc7 Kd8 33. Ra7 Rc8 34. b5 Rc5 35. Kg2 Ne5 36. Bc6 Nxc6 37. bxc6 f5 38. Rg7 Rxc6 39. Rxg6 b5 40. e4 Kc7 41. exf5 exf5 42. Rg7+ Kd6 43. Rb7 Kc5 44. Rf7 b4 45. Rxf5+ Kc4 46. Rxh5 b3 47. Rh8 Rb6 48. Rc8+ Kd3 49. Rd8+ Kc2 50. Rc8+ Kd1 51. Rd8+ Kc1 52. Rc8+ Kb1 53. h4 b2 54. h5 Ka1 55. Ra8+ Kb1 56. Rc8 Ka1 57. Ra8+ Kb1 1/2-1/2

[Event "8th RTU Open 2018"]
[Site "Riga"]
[Date "2018.08.11"]
[Round "8"]
[White "Mishuchkov, Nikolai Mikhailovic"]
[Black "Gorodetzky, David"]
[Result "0-1"]
[ECO "D47"]
[WhiteElo "2307"]
[BlackElo "2451"]
[Annotator "RC"]
[PlyCount "147"]
[EventDate "2018.08.06"]
[EventType "swiss"]
[EventCountry "LAT"]
[SourceTitle "playchess.com"]
[Source "ChessBase"]
[SourceQuality "1"]
[TimeControl "5400+30"]

1. d4 Nf6 2. Nf3 e6 3. c4 d5 4. Nc3 c6 5. e3 Nbd7 6. Bd3 dxc4 7. Bxc4 b5 8. Bd3 Bd6 9. a4 b4 10. Ne4 Nxe4 11. Bxe4 Bb7 12. Nd2 Qc7 13. Nc4 Be7 14. O-O Rd8 15. b3 c5 16. Bxb7 Qxb7 17. Bb2 O-O 18. Qf3 Qxf3 19. gxf3 Bf6 20. Ne5 cxd4 21. Nc6 Rc8 22. Nxd4 Nc5 23. Rab1 e5 24. Nf5 Rcd8 25. f4 exf4 26. Bxf6 gxf6 27. Rfc1 Ne4 28. Rb2 Nc3 29. Kg2 Rfe8 30. Kf3 Re5 31. Rg1+ Kf8 32. Nh6 Rh5 33. Rg8+ Ke7 34. Rxd8 Kxd8 35. Ng4 fxe3 36. Nxe3 Rxh2 37. Rd2+ Ke7 38. Nf5+ Ke6 39. Nd4+ Kd5 40. Nb5+ Kc5 41. Nxa7 Rh1 42. Rd8 Rb1 43. Rc8+ Kb6 44. Nb5 Rxb3 45. Nd4 Rb1 46. Ke3 Nxa4 47. Rc6+ Ka5 48. Rxf6 b3 49. Rf5+ Kb4 50. Nxb3 Rxb3+ 51. Kf4 Nc5 52. Rxf7 Rh3 53. Kg4 Rh1 54. f4 Kc4 55. f5 Kd5 56. f6 Ke6 57. Rc7 Nd7 58. Rc6+ Ke5 59. f7 Rf1 60. Kg5 Rxf7 61. Rc7 Ke6 62. Rc6+ Ke7 63. Rc1 Kf8 64. Kh6 Kg8 65. Rc8+ Nf8 66. Rc6 Rg7 67. Rc8 Rg6+ 68. Kh5 Rd6 69. Ra8 Kg7 70. Ra7+ Nd7 71. Kg5 Rd5+ 72. Kf4 Kg6 73. Ra1 Rf5+ 74. Ke4 0-1

[Event "8th RTU Open 2018"]
[Site "Riga"]
[Date "2018.08.11"]
[Round "8"]
[White "Chukavin, Kirill"]
[Black "Miedema, David"]
[Result "0-1"]
[ECO "C05"]
[WhiteElo "2291"]
[BlackElo "2397"]
[Annotator "NA"]
[PlyCount "60"]
[EventDate "2018.08.06"]
[EventType "swiss"]
[EventCountry "LAT"]
[SourceTitle "playchess.com"]
[Source "ChessBase"]
[SourceQuality "1"]
[TimeControl "5400+30"]

1. e4 e6 2. d4 d5 3. Nd2 Nf6 4. e5 Nfd7 5. Bd3 c5 6. c3 b6 7. f4 Ba6 8. Ndf3 Bxd3 9. Qxd3 Nc6 10. Ne2 g6 11. Be3 c4 12. Qc2 b5 13. O-O b4 14. g4 Qb6 15. Ng5 Be7 16. Rf3 bxc3 17. bxc3 Rb8 18. Nxf7 Kxf7 19. f5 gxf5 20. gxf5 Nf8 21. fxe6+ Ke8 22. Qf5 Ng6 23. Qh5 Kd8 24. Raf1 Qb2 25. Bh6 Rg8 26. Kh1 Qc2 27. Ng3 Rb2 28. Qh3 Nh4 29. Rf7 Rxg3 30. Rxe7 Qe4+ 0-1

[Event "8th RTU Open 2018"]
[Site "Riga"]
[Date "2018.08.11"]
[Round "8"]
[White "Gurvich, Vitaly"]
[Black "Schekachikhin, Maksim"]
[Result "1-0"]
[ECO "A30"]
[WhiteElo "2272"]
[BlackElo "2392"]
[Annotator "NA"]
[PlyCount "101"]
[EventDate "2018.08.06"]
[EventType "swiss"]
[EventCountry "LAT"]
[SourceTitle "playchess.com"]
[Source "ChessBase"]
[SourceQuality "1"]
[TimeControl "5400+30"]

1. c4 c5 2. Nf3 Nf6 3. Nc3 e6 4. g3 b6 5. Bg2 Bb7 6. O-O d6 7. Re1 Ne4 8. Nxe4 Bxe4 9. d3 Bb7 10. e4 Nd7 11. d4 cxd4 12. Nxd4 a6 13. b3 Be7 14. e5 Bxg2 15. exd6 Bxd6 16. Kxg2 Qc7 17. Nxe6 fxe6 18. Rxe6+ Be7 19. Bg5 Nf6 20. Bxf6 gxf6 21. Qh5+ Kf8 22. Rae1 Re8 23. Rxf6+ Bxf6 24. Rxe8+ Kg7 25. Qg4+ Kh6 26. Re6 Rf8 27. h4 Qb7+ 28. f3 Qg7 29. Qf4+ Kg6 30. Qe4+ Kf7 31. Qd5 Re8 32. Rxb6+ Kf8 33. Qf5 Kf7 34. Rxa6 Re2+ 35. Kf1 Re7 36. c5 Qh6 37. f4 Kg7 38. b4 Re1+ 39. Kg2 Re7 40. b5 Rf7 41. Re6 Kg8 42. c6 Qf8 43. Qc2 Bd8 44. Qe2 Kg7 45. h5 h6 46. Qg4+ Kh8 47. Qg6 Bg5 48. Qe4 Be7 49. c7 Rg7 50. Rxh6+ Kg8 51. Qe6+ 1-0

[Event "8th RTU Open 2018"]
[Site "Riga"]
[Date "2018.08.11"]
[Round "8"]
[White "Kretainis, Kristaps"]
[Black "Akesson, Ralf"]
[Result "1-0"]
[ECO "B10"]
[WhiteElo "2235"]
[BlackElo "2389"]
[Annotator "NA"]
[PlyCount "87"]
[EventDate "2018.08.06"]
[EventType "swiss"]
[EventCountry "LAT"]
[SourceTitle "playchess.com"]
[Source "ChessBase"]
[SourceQuality "1"]
[TimeControl "5400+30"]

1. e4 c6 2. d3 d5 3. Nd2 e5 4. Ngf3 Nd7 5. g3 Ngf6 6. Bg2 Bd6 7. O-O O-O 8. b3 Re8 9. Bb2 Bc7 10. a3 a5 11. b4 dxe4 12. dxe4 Qe7 13. Qb1 Nb6 14. c3 Na4 15. Qc2 Nxb2 16. Qxb2 h6 17. Rfe1 Be6 18. Bf1 b5 19. Nb3 Bb6 20. bxa5 Ba7 21. h3 Nd7 22. Rac1 Qf6 23. Nbd2 Nc5 24. c4 Bxh3 25. Bxh3 Nd3 26. Qb1 Bxf2+ 27. Kg2 Qg6 28. Nf1 Rad8 29. Bf5 Qf6 30. Red1 Nxc1 31. Qxc1 Ba7 32. cxb5 cxb5 33. Bd7 Rf8 34. Bxb5 Qe7 35. Rxd8 Qxd8 36. Qc3 Qd1 37. Qd2 Qa1 38. Bc4 Qxa3 39. Nxe5 Qc5 40. Qf4 Qg1+ 41. Kh3 Bb8 42. Bxf7+ Rxf7 43. Qxf7+ Kh7 44. Nd7 1-0

[Event "8th RTU Open 2018"]
[Site "Riga"]
[Date "2018.08.11"]
[Round "8"]
[White "Juknis, Paulius"]
[Black "Hansen, Mads"]
[Result "0-1"]
[ECO "D00"]
[WhiteElo "2231"]
[BlackElo "2387"]
[Annotator "NA"]
[PlyCount "68"]
[EventDate "2018.08.06"]
[EventType "swiss"]
[EventCountry "LAT"]
[SourceTitle "playchess.com"]
[Source "ChessBase"]
[SourceQuality "1"]
[TimeControl "5400+30"]

1. d4 d5 2. Bf4 Nf6 3. e3 c5 4. c3 Nc6 5. Nd2 e6 6. Ngf3 Bd6 7. Bg3 O-O 8. Bd3 b6 9. e4 dxe4 10. Nxe4 Be7 11. dxc5 bxc5 12. Nxf6+ Bxf6 13. Qc2 h6 14. O-O Bb7 15. Rfe1 Qb6 16. Nd2 Na5 17. Be4 Bd5 18. b3 Rfd8 19. Rad1 Nc6 20. Bxd5 exd5 21. c4 Nb4 22. Qb1 Qa6 23. a4 Bc3 24. Re2 Bxd2 25. Rexd2 d4 26. Re2 Re8 27. Rxe8+ Rxe8 28. Bf4 Qf6 29. Bg3 d3 30. h3 Qc3 31. Bf4 Re2 32. Kf1 Nc2 33. h4 Qd4 34. Bg3 Qe4 0-1

[Event "8th RTU Open 2018"]
[Site "Riga"]
[Date "2018.08.11"]
[Round "8"]
[White "Priyanka, Nutakki"]
[Black "Chekletsov, Ilya"]
[Result "1-0"]
[ECO "B53"]
[WhiteElo "2212"]
[BlackElo "2379"]
[Annotator "NA"]
[PlyCount "67"]
[EventDate "2018.08.06"]
[EventType "swiss"]
[EventCountry "LAT"]
[SourceTitle "playchess.com"]
[Source "ChessBase"]
[SourceQuality "1"]
[TimeControl "5400+30"]

1. e4 c5 2. Nf3 d6 3. d4 cxd4 4. Qxd4 Nc6 5. Bb5 Bd7 6. Bxc6 Bxc6 7. Nc3 h6 8. Qd3 e5 9. Nd2 Nf6 10. Nc4 Be7 11. Ne3 g6 12. O-O O-O 13. a4 Rc8 14. Ncd5 Bxd5 15. Nxd5 Kg7 16. c3 Nxd5 17. Qxd5 Qc7 18. Be3 Bg5 19. f4 exf4 20. Bxa7 Kh7 21. Bd4 Qe7 22. e5 Rcd8 23. exd6 Rxd6 24. Qe5 Qxe5 25. Bxe5 Rd2 26. Rf2 f3 27. Rxd2 Bxd2 28. gxf3 Re8 29. Bg3 f5 30. Rd1 Be3+ 31. Bf2 f4 32. Rd7+ Kg8 33. Bxe3 fxe3 34. Kf1 1-0

[Event "8th RTU Open 2018"]
[Site "Riga"]
[Date "2018.08.11"]
[Round "8"]
[White "Kukk, Sander"]
[Black "Seeman, Tarvo"]
[Result "1/2-1/2"]
[ECO "A01"]
[WhiteElo "2194"]
[BlackElo "2405"]
[Annotator "NA"]
[PlyCount "97"]
[EventDate "2018.08.06"]
[EventType "swiss"]
[EventCountry "LAT"]
[SourceTitle "playchess.com"]
[Source "ChessBase"]
[SourceQuality "1"]
[TimeControl "5400+30"]

1. b3 Nf6 2. Bb2 g6 3. g3 Bg7 4. Bg2 O-O 5. e3 c5 6. Ne2 Nc6 7. O-O d5 8. d3 e5 9. c4 d4 10. e4 Bd7 11. h3 Ne8 12. Nd2 Nd6 13. Kh2 Qc7 14. a3 a5 15. f4 f5 16. Bc1 Rae8 17. fxe5 Nxe5 18. Nf4 Qd8 19. exf5 Bxf5 20. Nf3 Nxf3+ 21. Qxf3 Kh8 22. h4 b6 23. b4 Nf7 24. bxc5 bxc5 25. Qd5 Qc8 26. Bd2 Ne5 27. Bxa5 Ng4+ 28. Kg1 Ne3 29. Qc6 Nxf1 30. Qxc8 Rxc8 31. Bxf1 Be5 32. a4 Bxf4 33. gxf4 Rf6 34. Bd2 Rb6 35. a5 Rb3 36. a6 Ra8 37. Ra5 Ra7 38. Rb5 Ra3 39. Rb8+ Kg7 40. Rb7+ Rxb7 41. axb7 Rb3 42. Bg2 Bxd3 43. Bd5 Kf6 44. Ba5 Kf5 45. Bc7 Bxc4 46. Bf3 Be2 47. Bd5 Bc4 48. Bf3 Be2 49. Bd5 {[%emt 0:00:35] Ke5} 1/2-1/2

[Event "8th RTU Open 2018"]
[Site "Riga"]
[Date "2018.08.11"]
[Round "8"]
[White "Player, Edmund C"]
[Black "Jablonicky, Martin"]
[Result "1/2-1/2"]
[ECO "B18"]
[WhiteElo "2194"]
[BlackElo "2361"]
[Annotator "NA"]
[PlyCount "120"]
[EventDate "2018.08.06"]
[EventType "swiss"]
[EventCountry "LAT"]
[SourceTitle "playchess.com"]
[Source "ChessBase"]
[SourceQuality "1"]
[TimeControl "5400+30"]

1. e4 c6 2. d4 d5 3. Nd2 dxe4 4. Nxe4 Bf5 5. Ng3 Bg6 6. Nh3 e6 7. Nf4 Nf6 8. h4 c5 9. h5 Be4 10. Nxe4 Nxe4 11. Qf3 Qxd4 12. Bb5+ Nc6 13. O-O Rd8 14. Re1 Nf6 15. Bxc6+ bxc6 16. Qxc6+ Qd7 17. Qf3 h6 18. Be3 Bd6 19. Rad1 Qc7 20. c4 O-O 21. Nd3 e5 22. Nc1 e4 23. Qh3 a5 24. Qh4 Be5 25. Nb3 Rxd1 26. Rxd1 Rd8 27. Rb1 Rd3 28. Qh3 Bd4 29. Qf5 Bxe3 30. fxe3 Qd8 31. Rf1 a4 32. Nxc5 Rxe3 33. b4 axb3 34. Nxb3 Rg3 35. Qf2 Qc7 36. Qf4 Qa7+ 37. c5 Rxb3 38. axb3 Qxc5+ 39. Qf2 Qxh5 40. Qf5 Qe2 41. Qc8+ Kh7 42. Qf5+ Kh8 43. Qc8+ Ng8 44. Rxf7 Qd1+ 45. Rf1 Qxb3 46. Qe8 Qe3+ 47. Kh2 Qd4 48. Re1 e3 49. Rxe3 Qf4+ 50. Kg1 Qd4 51. Kf1 Qd1+ 52. Re1 Qd3+ 53. Kg1 Qd4+ 54. Qe3 Qb4 55. Qe4 Qc5+ 56. Qe3 Qb4 57. Rf1 Qd6 58. Qf4 Qc5+ 59. Qf2 Qd6 60. Qf8 Qd4+ 1/2-1/2

[Event "8th RTU Open 2018"]
[Site "Riga"]
[Date "2018.08.11"]
[Round "8"]
[White "Lahav, Michal"]
[Black "Oboladze, Luka"]
[Result "1/2-1/2"]
[ECO "B42"]
[WhiteElo "2131"]
[BlackElo "2349"]
[Annotator "NA"]
[PlyCount "108"]
[EventDate "2018.08.06"]
[EventType "swiss"]
[EventCountry "LAT"]
[SourceTitle "playchess.com"]
[Source "ChessBase"]
[SourceQuality "1"]
[TimeControl "5400+30"]

1. e4 c5 2. Nf3 e6 3. d4 cxd4 4. Nxd4 a6 5. Bd3 Bc5 6. Nb3 Ba7 7. Nc3 Ne7 8. Qe2 Nbc6 9. Be3 d6 10. O-O-O e5 11. f4 Bxe3+ 12. Qxe3 exf4 13. Qxf4 O-O 14. h4 Ng6 15. Qg3 Nge5 16. Be2 Be6 17. Rd2 Qc7 18. Rhd1 Rfd8 19. Nd4 Nxd4 20. Rxd4 Rac8 21. R1d2 Qe7 22. Kb1 Rc6 23. Kc1 Rdc8 24. Rd1 Bxa2 25. Nxa2 Rxc2+ 26. Kb1 Rxe2 27. Nc3 Rxc3 28. Qxc3 Nc6 29. Rxd6 h6 30. Qf3 Qxe4+ 31. Qxe4 Rxe4 32. g3 Rg4 33. R1d3 Kh7 34. Rd7 Ne5 35. R7d4 Rg6 36. Re3 f6 37. Rc3 b5 38. Rd8 Rg4 39. Ra8 b4 40. Re3 Nc4 41. Rd3 Ne5 42. Rb3 Nc4 43. Rd3 Re4 44. Ka2 a5 45. h5 Re5 46. g4 Nb6 47. Rb8 Nd5 48. Kb3 Ne7 49. Rdd8 g5 50. Rb7 Kg7 51. Re8 Kf7 52. Rh8 Kg7 53. Re8 Kf7 54. Rh8 Kg7 1/2-1/2

[Event "8th RTU Open 2018"]
[Site "Riga"]
[Date "2018.08.12"]
[Round "9"]
[White "Svane, Rasmus"]
[Black "Yankelevich, Lev"]
[Result "1-0"]
[ECO "A40"]
[WhiteElo "2591"]
[BlackElo "2420"]
[Annotator "ChessBase"]
[PlyCount "47"]
[EventDate "2018.08.06"]
[EventType "swiss"]
[EventCountry "LAT"]
[SourceTitle "playchess.com"]
[Source "ChessBase"]
[SourceQuality "1"]
[TimeControl "5400+30"]

1. d4 g6 2. e4 d6 3. Nf3 Nf6 4. Bd3 Bg7 5. O-O O-O 6. Re1 Nc6 7. c3 e5 8. h3 Nh5 9. Bg5 Bf6 10. Be3 Nf4 11. Bxf4 exf4 12. Na3 Bg7 13. Qd2 g5 14. Rad1 h6 15. e5 d5 16. c4 Ne7 17. Nh2 c6 18. cxd5 Nxd5 19. Nc4 Be6 20. Qe2 Ne7 21. Nd6 Qd7 22. Qh5 Nf5 23. Ng4 f6 24. Qg6 1-0

[Event "8th RTU Open 2018"]
[Site "Riga"]
[Date "2018.08.12"]
[Round "9"]
[White "Stocek, Jiri"]
[Black "Stark, Lars"]
[Result "1-0"]
[ECO "E21"]
[WhiteElo "2582"]
[BlackElo "2368"]
[Annotator "ChessBase"]
[PlyCount "57"]
[EventDate "2018.08.06"]
[EventType "swiss"]
[EventCountry "LAT"]
[SourceTitle "playchess.com"]
[Source "ChessBase"]
[SourceQuality "1"]
[TimeControl "5400+30"]

1. d4 Nf6 2. Nf3 e6 3. c4 b6 4. Nc3 Bb7 5. Bg5 Bb4 6. Nd2 Be7 7. e4 d6 8. Be3 O-O 9. h4 c5 10. d5 exd5 11. cxd5 Na6 12. h5 Nc7 13. h6 g6 14. a4 Na6 15. a5 Nb4 16. Be2 Nxe4 17. Ndxe4 f5 18. O-O fxe4 19. Bg4 Ba6 20. Be6+ Kh8 21. Nxe4 Bd3 22. f3 Bxe4 23. fxe4 Rxf1+ 24. Qxf1 Bf6 25. axb6 a6 26. b7 Rb8 27. Qf3 Nc2 28. Rf1 Be5 29. Bg5 1-0

[Event "8th RTU Open 2018"]
[Site "Riga"]
[Date "2018.08.12"]
[Round "9"]
[White "Petrosyan, Manuel"]
[Black "Meskovs, Nikita"]
[Result "1-0"]
[ECO "E16"]
[WhiteElo "2567"]
[BlackElo "2524"]
[Annotator "ChessBase"]
[PlyCount "79"]
[EventDate "2018.08.06"]
[EventType "swiss"]
[EventCountry "LAT"]
[SourceTitle "playchess.com"]
[Source "ChessBase"]
[SourceQuality "1"]
[TimeControl "5400+30"]

1. d4 Nf6 2. Nf3 e6 3. c4 b6 4. g3 Bb7 5. Bg2 Bb4+ 6. Bd2 a5 7. O-O O-O 8. Bf4 Be7 9. Nc3 Ne4 10. Qc2 Nxc3 11. Qxc3 d6 12. Rad1 Nd7 13. Qd3 Nf6 14. Nd2 Bxg2 15. Kxg2 Nd7 16. Ne4 Re8 17. Nc3 Bf6 18. b3 e5 19. dxe5 Nc5 20. Qf3 Bxe5 21. Bxe5 Rxe5 22. Nb5 Re7 23. Rd4 Qc8 24. Nc3 Ra7 25. Nd5 Re5 26. Rfd1 Qe8 27. Rg4 Qe6 28. Rdd4 Nd7 29. Rd2 Kf8 30. Rf4 Kg8 31. Nc3 Nc5 32. h4 Rb7 33. Nb5 Re4 34. Rf5 h6 35. Nc3 Re5 36. Rxe5 Qxe5 37. Rd5 Qf6 38. Rf5 Qd4 39. Rxf7 Qe5 40. Rf5 1-0

[Event "8th RTU Open 2018"]
[Site "Riga"]
[Date "2018.08.12"]
[Round "9"]
[White "Lobanov, Sergei"]
[Black "Carlsson, Pontus"]
[Result "1-0"]
[ECO "B76"]
[WhiteElo "2531"]
[BlackElo "2442"]
[Annotator "ChessBase"]
[PlyCount "79"]
[EventDate "2018.08.06"]
[EventType "swiss"]
[EventCountry "LAT"]
[SourceTitle "playchess.com"]
[Source "ChessBase"]
[SourceQuality "1"]
[TimeControl "5400+30"]

1. e4 c5 2. Nf3 d6 3. d4 cxd4 4. Nxd4 Nf6 5. Nc3 g6 6. Be3 Bg7 7. f3 O-O 8. Qd2 Nc6 9. O-O-O d5 10. exd5 Nxd5 11. Nxc6 bxc6 12. Bd4 e5 13. Bc5 Be6 14. Ne4 Re8 15. h4 Nf4 16. g3 Qxd2+ 17. Rxd2 Nh5 18. g4 Nf4 19. h5 Bd5 20. hxg6 hxg6 21. g5 Ne6 22. Be3 Nd4 23. Be2 Re6 24. Bd1 Nf5 25. Bc5 a5 26. Rh3 a4 27. Kb1 Rb8 28. c3 Ra8 29. Bc2 Rd8 30. c4 Nd4 31. cxd5 cxd5 32. Nf6+ Rxf6 33. gxf6 Bxf6 34. Bxd4 exd4 35. Bxa4 Rb8 36. Bc6 d3 37. Bxd5 Bc3 38. Rxd3 Rxb2+ 39. Kc1 Bf6 40. Bb3 1-0

[Event "8th RTU Open 2018"]
[Site "Riga"]
[Date "2018.08.12"]
[Round "9"]
[White "Repka, Christopher"]
[Black "Gokerkan, Cem Kaan"]
[Result "0-1"]
[ECO "E71"]
[WhiteElo "2528"]
[BlackElo "2404"]
[Annotator "ChessBase"]
[PlyCount "108"]
[EventDate "2018.08.06"]
[EventType "swiss"]
[EventCountry "LAT"]
[SourceTitle "playchess.com"]
[Source "ChessBase"]
[SourceQuality "1"]
[TimeControl "5400+30"]

1. d4 g6 2. e4 Bg7 3. c4 d6 4. Nc3 Nf6 5. h3 O-O 6. Be3 c5 7. Nf3 cxd4 8. Nxd4 Nc6 9. Be2 Bd7 10. O-O Nxd4 11. Bxd4 Bc6 12. Qd3 a5 13. Nd5 Nd7 14. Bxg7 Kxg7 15. b3 Kg8 16. Rab1 Re8 17. f4 Nc5 18. Qe3 Nxe4 19. f5 Bxd5 20. cxd5 Nf6 21. Rbd1 Rc8 22. Kh2 Qc7 23. Bb5 Rf8 24. Bc4 Kg7 25. Rc1 Qc5 26. Qxe7 Rc7 27. Qe1 Re8 28. Qd2 Qe3 29. Qxa5 Qe5+ 30. Kg1 Qd4+ 31. Kh1 Rc5 32. Qa4 Re3 33. Rce1 Rxe1 34. Rxe1 Qc3 35. Rf1 Ra5 36. Rf3 Qe1+ 37. Rf1 Qd2 38. Rf2 Qe1+ 39. Rf1 Qc3 40. Rf3 Qc1+ 41. Rf1 Qd2 42. Rf2 Qc1+ 43. Rf1 Rxa4 44. Rxc1 Rxa2 45. fxg6 fxg6 46. Re1 Kf7 47. Kh2 Rb2 48. Ra1 Nd7 49. Ra8 h5 50. Rd8 Ke7 51. Rg8 Ne5 52. Rb8 h4 53. Rxb7+ Kf6 54. Rh7 Nf3+ 0-1